Oilers vs Golden Seals

Created - 18 décembre 2020 at 09:11

Goals
1 2 3 T
Oilers 0 1 1 2
Golden Seals 2 0 3 5
Shots
1 2 3 T
Oilers 12 6 15 33
Golden Seals 10 5 15 30

1st period

1. Golden Seals , Nick Cousins 1 (Miles Wood 4, Barclay Goodrow 2) at 2:53
2. Golden Seals , Jordan Eberle 2 (William Karlsson 4, Olli Maatta 4) at 3:45

Penalties :
Nico Hischier (EDM) for Hooking (Minor) at 10:59, Tyler Toffoli (CLF) for Roughing (Minor) at 16:27

2nd period

3. Oilers , Sonny Milano 8 (Nico Hischier 10) at 0:57

Penalties :
Jordan Nolan (EDM) for Slashing (Minor) at 3:30, Max Domi (CLF) for Roughing (Minor) at 19:08

3rd period

4. Golden Seals , Nick Suzuki 7 (Oskar Lindblom 7, Jake McCabe 3) at 3:33
5. Golden Seals , William Karlsson 4 (Max Domi 2, Jordan Eberle 8) at 5:55 (PP)
6. Golden Seals , Jaden Schwartz 8 (Cody Ceci 4, Jake McCabe 4) at 12:34
7. Oilers , Connor McDavid 4 (Evgeni Dadonov 4, Kyle Okposo 4) at 13:31

Penalties :
Adam Erne (EDM) for Boarding (Minor) at 5:17, Jonathan Toews (CLF) for Tripping (Minor) at 6:46

Goalie Stats

Ryan Miller (EDM), 25 saves from 30 shots - (0,833), L, 3-2-0, 60:00 minutes
Andrei Vasilevskiy (CLF), 31 saves from 33 shots - (0,939), W, 11-3-0, 60:00 minutes

Players Stats for Oilers

Player Name              G  A  P  +/- PIM S  H  SB GA TA FO     MP     PP MP  PK MP  
------------------------------------------------------------------------------------
Adam Erne                0  0  0  -1  2   4  1  0  0  1  0/0    12:16   0:00   1:54 
Bobby Ryan               0  0  0  -2  0   0  0  0  0  0  1/1     2:10   0:00   0:00 
Brandon Montour          0  0  0  -2  0   2  2  1  0  1  0/0    22:51   3:20   1:54 
Christian Djoos          0  0  0   0  0   0  0  0  0  0  0/0    17:54   2:37   0:00 
Connor McDavid           1  0  1   0  0   5  1  0  0  0  16/25  18:08   2:48   0:05 
Dennis Gilbert           0  0  0   0  0   0  1  0  0  1  0/0    17:27   0:00   2:42 
Evgeni Dadonov           0  1  1   0  0   8  1  0  3  1  0/0    19:35   2:55   0:00 
Jordan Nolan             0  0  0   1  2   4  2  0  1  0  0/1    17:50   2:09   0:00 
Jordan Oesterle          0  0  0   0  0   0  0  1  0  1  0/0    18:57   0:00   2:42 
Kevin Shattenkirk        0  0  0  -2  0   0  0  1  0  0  0/0    22:28   3:20   1:54 
Kyle Okposo              0  1  1   0  0   3  0  1  0  0  1/1    18:42   3:04   0:00 
Nathan Gerbe             0  0  0   0  0   0  2  0  0  0  0/0    10:40   0:00   0:00 
Nico Hischier            0  1  1  -1  2   3  1  0  1  1  6/13   17:34   3:02   0:00 
Sam Gagner               0  0  0  -1  0   1  1  0  0  0  2/9    12:43   0:00   2:16 
Sonny Milano             1  0  1  -1  0   2  0  0  0  1  0/1    17:31   2:43   0:30 
Tomas Nosek              0  0  0   0  0   1  0  2  0  0  1/6    12:45   0:00   2:12 
Tyler Motte              0  0  0  -1  0   0  1  0  0  0  0/0    16:35   1:10   2:15 
Vince Dunn               0  0  0   0  0   0  1  0  2  1  0/0    19:15   2:37   0:00 

Players Stats for Golden Seals

Player Name              G  A  P  +/- PIM S  H  SB GA TA FO     MP     PP MP  PK MP  
------------------------------------------------------------------------------------
Barclay Goodrow          0  1  1   1  0   1  0  0  0  0  4/10   13:08   0:01   3:38 
Cody Ceci                0  1  1   2  0   0  0  1  0  1  0/0    17:10   0:00   3:59 
Colton Parayko           0  0  0  -1  0   2  0  0  0  1  0/0    23:30   3:03   0:08 
Jaden Schwartz           1  0  1  -1  0   4  3  1  0  0  0/0    19:36   2:28   0:00 
Jake McCabe              0  2  2  -1  0   1  1  1  0  1  0/0    22:55   0:00   3:51 
Jonathan Toews           0  0  0  -1  2   4  2  0  1  0  15/29  19:55   2:29   0:02 
Jordan Eberle            1  1  2   1  0   2  0  1  4  0  1/1    15:40   2:07   0:00 
Max Domi                 0  1  1   1  2   2  0  1  0  0  1/1    17:01   2:07   1:30 
Miles Wood               0  1  1   1  0   0  5  0  1  1  0/0    12:48   0:00   3:25 
Nate Schmidt             0  0  0   1  0   0  2  0  0  0  0/0    18:00   1:33   0:00 
Nick Cousins             1  0  1   1  0   3  2  0  1  0  0/0     9:23   0:00   0:00 
Nick Suzuki              1  0  1   1  0   3  2  0  0  0  1/2    12:40   1:33   2:00 
Olli Maatta              0  1  1   1  0   0  1  0  0  0  0/0    18:01   0:00   1:58 
Oskar Lindblom           0  1  1   1  0   1  1  0  0  0  0/0    12:59   3:03   0:00 
Robby Fabbri             0  0  0   1  0   2  1  0  0  0  0/0     9:49   0:01   0:37 
Robert Hagg              0  0  0   2  0   1  0  1  0  0  0/0    15:17   0:00   1:58 
Tyler Toffoli            0  0  0  -1  2   0  2  1  0  2  0/0    19:36   2:28   0:00 
William Karlsson         1  1  2   1  0   4  0  0  1  1  8/14   16:32   2:07   0:42 

3 Stars

1 - Jordan Eberle (CLF)
2 - William Karlsson (CLF)
3 - Nick Suzuki (CLF)

Power Play

Oilers - 0 on 3 Attempt(s) - 0,00%
Golden Seals - 1 on 3 Attempt(s) - 33,33%

Penalty Kill

Oilers - 2 on 3 Attempt(s) - 66,67% - Score 0 goal in Penalty Kill
Golden Seals - 3 on 3 Attempt(s) - 100,00% - Score 0 goal in Penalty Kill

Team Stat

Oilers - Hits : 14 - Faceoff Wins : 27 - Blocked Shots : 6 - Penalty Minutes : 6
Golden Seals - Hits : 22 - Faceoff Wins : 30 - Blocked Shots : 7 - Penalty Minutes : 6

Official

Referees : Kendrick Nicholson and Graham Skilliter
Linesman : David Brisebois and James Tobias

Game Notes

Bobby Ryan is injured at 6:29 of 1st period (Left Hip)

Finance

Level 1 -- Attendance: 6000 (100,00%) -- Ticket Income 360 000 $
Level 2 -- Attendance: 5000 (100,00%) -- Ticket Income 175 000 $
Level 3 -- Attendance: 2000 (100,00%) -- Ticket Income 32 000 $
Level 4 -- Attendance: 4000 (100,00%) -- Ticket Income 40 000 $
Luxury Box -- Attendance: 1000 (100,00%) -- Ticket Income 100 000 $
Game was played at the Sideburns Coliseum.
Total Attendance: 18000 (100,00%)
Total Ticket Income: 707 000 $
Other Income: 346 430 $
Total Income: 1 053 430 $

Oilers

5 vs 5 Forward 
   Center                   Left Wing                Right Wing               Time % Phy DF OF 
 1 Connor McDavid           Evgeni Dadonov           Kyle Okposo              30     1   2  2  
 2 Nico Hischier            Sonny Milano             Bobby Ryan               30     1   2  2  
 3 Sam Gagner               Tyler Motte              Adam Erne                20     1   2  2  
 4 Tomas Nosek              Nathan Gerbe             Jordan Nolan             20     1   2  2  

5 vs 5 Defense 
   Defense                  Defense                                           Time % Phy DF OF 
 1 Kevin Shattenkirk        Brandon Montour                                   35     1   2  2  
 2 Jordan Oesterle          Vince Dunn                                        35     1   2  2  
 3 Dennis Gilbert           Christian Djoos                                   30     1   2  2  
 4 Vince Dunn               Kevin Shattenkirk                                 0      1   2  2  

PowerPlay Forward 
   Center                   Left Wing                Right Wing               Time % Phy DF OF 
 1 Connor McDavid           Evgeni Dadonov           Kyle Okposo              50     1   2  2  
 2 Nico Hischier            Bobby Ryan               Sonny Milano             50     1   2  2  

PowerPlay Defense
   Defense                  Defense                                           Time % Phy DF OF 
 1 Kevin Shattenkirk        Brandon Montour                                   50     1   2  2  
 2 Vince Dunn               Christian Djoos                                   50     1   2  2  

Penalty Kill 4 Players Forward 
   Center                   Wing                     Time % Phy DF OF 
 1 Tomas Nosek              Tyler Motte              50     1   2  2  
 2 Sam Gagner               Adam Erne                50     1   2  2  

Penalty Kill 4 Players Defense
   Defense                  Defense                  Time % Phy DF OF 
 1 Kevin Shattenkirk        Brandon Montour          50     1   2  2  
 2 Jordan Oesterle          Dennis Gilbert           50     1   2  2  

Penalty Kill - 3 Players Forward 
   Forward                                           Time % Phy DF OF 
 1 Tomas Nosek                                       50     1   2  2  
 2 Nico Hischier                                     50     1   2  2  

Penalty Kill - 3 Players Defense
   Defense                  Defense                  Time % Phy DF OF 
 1 Kevin Shattenkirk        Brandon Montour          50     1   2  2  
 2 Jordan Oesterle          Dennis Gilbert           50     1   2  2  

4 vs 4 Forward 
   Center                   Wing                     Time % Phy DF OF 
 1 Connor McDavid           Evgeni Dadonov           50     1   2  2  
 2 Nico Hischier            Kyle Okposo              50     1   2  2  

4 vs 4 Defense
   Defense                  Defense                  Time % Phy DF OF 
 1 Kevin Shattenkirk        Brandon Montour          50     1   2  2  
 2 Jordan Oesterle          Vince Dunn               50     1   2  2  

Last Minutes Offensive
   Center                   Left Wing                Right Wing               Defense                  Defense                  
   Connor McDavid           Evgeni Dadonov           Kyle Okposo              Kevin Shattenkirk        Brandon Montour          

Last Minutes Defensive
   Center                   Left Wing                Right Wing               Defense                  Defense                  
   Connor McDavid           Evgeni Dadonov           Kyle Okposo              Kevin Shattenkirk        Brandon Montour          

Goaltenders
Starting : Ryan Miller              
Backup : Thomas Greiss            

Extra Forwards
Normal : Jordan Nolan, Tyler Motte, Sonny Milano - PP : Jordan Nolan, Tyler Motte - PK : Sonny Milano
Extra Defensemen
Normal : Brandon Montour, Kevin Shattenkirk, Vince Dunn - PP : Kevin Shattenkirk - PK : Jordan Oesterle, Christian Djoos
Penalty Shots
Connor McDavid, Nico Hischier, Evgeni Dadonov, Kyle Okposo, Bobby Ryan
Custom OT Lines Forwards
Connor McDavid, Nico Hischier, Evgeni Dadonov, Kyle Okposo, Bobby Ryan, Tyler Motte, Sam Gagner, Sonny Milano, Tomas Nosek, Nathan Gerbe
Custom OT Lines Defensemen
Kevin Shattenkirk, Brandon Montour, Jordan Oesterle, Christian Djoos, Vince Dunn

Scratches
Ben Street (Healthy), Brendan Smith (Healthy), Kaapo Kahkonen (Healthy)

Golden Seals

5 vs 5 Forward 
   Center                   Left Wing                Right Wing               Time % Phy DF OF 
 1 Jonathan Toews           Tyler Toffoli            Jaden Schwartz           38     0   2  3  
 2 William Karlsson         Max Domi                 Jordan Eberle            32     0   2  3  
 3 Nick Suzuki              Oskar Lindblom           Robby Fabbri             20     0   2  3  
 4 Barclay Goodrow          Miles Wood               Nick Cousins             10     1   2  2  

5 vs 5 Defense 
   Defense                  Defense                                           Time % Phy DF OF 
 1 Colton Parayko           Jake McCabe                                       40     0   3  2  
 2 Nate Schmidt             Olli Maatta                                       33     0   3  2  
 3 Cody Ceci                Robert Hagg                                       27     1   3  1  
 4 Colton Parayko           Jake McCabe                                       0      1   2  2  

PowerPlay Forward 
   Center                   Left Wing                Right Wing               Time % Phy DF OF 
 1 Jonathan Toews           Tyler Toffoli            Jaden Schwartz           60     1   0  4  
 2 William Karlsson         Max Domi                 Jordan Eberle            40     1   0  4  

PowerPlay Defense
   Defense                  Defense                                           Time % Phy DF OF 
 1 Colton Parayko           Oskar Lindblom                                    60     0   1  4  
 2 Nate Schmidt             Nick Suzuki                                       40     0   1  4  

Penalty Kill 4 Players Forward 
   Center                   Wing                     Time % Phy DF OF 
 1 Barclay Goodrow          Miles Wood               65     1   3  1  
 2 William Karlsson         Jonathan Toews           35     1   3  1  

Penalty Kill 4 Players Defense
   Defense                  Defense                  Time % Phy DF OF 
 1 Cody Ceci                Jake McCabe              60     1   4  0  
 2 Olli Maatta              Robert Hagg              40     1   4  0  

Penalty Kill - 3 Players Forward 
   Forward                                           Time % Phy DF OF 
 1 Barclay Goodrow                                   60     1   4  0  
 2 Jonathan Toews                                    40     1   4  0  

Penalty Kill - 3 Players Defense
   Defense                  Defense                  Time % Phy DF OF 
 1 Cody Ceci                Jake McCabe              60     1   4  0  
 2 Cody Ceci                Jake McCabe              40     1   4  0  

4 vs 4 Forward 
   Center                   Wing                     Time % Phy DF OF 
 1 Jonathan Toews           Jaden Schwartz           55     0   2  3  
 2 William Karlsson         Tyler Toffoli            45     0   2  3  

4 vs 4 Defense
   Defense                  Defense                  Time % Phy DF OF 
 1 Colton Parayko           Jake McCabe              60     0   3  2  
 2 Nate Schmidt             Olli Maatta              40     0   3  2  

Last Minutes Offensive
   Center                   Left Wing                Right Wing               Defense                  Defense                  
   Jonathan Toews           Jaden Schwartz           Tyler Toffoli            Colton Parayko           Nate Schmidt             

Last Minutes Defensive
   Center                   Left Wing                Right Wing               Defense                  Defense                  
   Jonathan Toews           Barclay Goodrow          Miles Wood               Cody Ceci                Jake McCabe              

Goaltenders
Starting : Andrei Vasilevskiy       
Backup : Pheonix Copley           

Extra Forwards
Normal : Nick Suzuki, Oskar Lindblom, Miles Wood - PP : Barclay Goodrow, Robby Fabbri - PK : Nick Suzuki
Extra Defensemen
Normal : Nate Schmidt, Cody Ceci, Colton Parayko - PP : Cody Ceci - PK : Colton Parayko, Nate Schmidt
Penalty Shots
Jonathan Toews, William Karlsson, Jordan Eberle, Tyler Toffoli, Nick Cousins
Custom OT Lines Forwards
Jonathan Toews, William Karlsson, Jaden Schwartz, Tyler Toffoli, Jordan Eberle, Max Domi, Nick Suzuki, Miles Wood, Oskar Lindblom, Robby Fabbri
Custom OT Lines Defensemen
Colton Parayko, Nate Schmidt, Olli Maatta, Jake McCabe, Cody Ceci

Scratches
Erik Burgdoerfer (Healthy), Ondrej Kase (Healthy)

% Time on Ice - Oilers

Lines # - Real PCT - Wanted PCT - Time Play
Normal Forward
1 - 28% - 30% - 14:00
2 - 31% - 30% - 15:07
3 - 21% - 20% - 10:16
4 - 20% - 20% - 10:04
Normal Defense
1 - 33% - 35% - 16:29
2 - 34% - 35% - 16:47
3 - 30% - 30% - 14:40
4 - 3% - 0% - 1:31
PP Forward
1 - 46% - 50% - 2:45
2 - 54% - 50% - 3:12
PP Defense
1 - 56% - 50% - 3:20
2 - 44% - 50% - 2:37
PK Forward
1 - 51% - 50% - 2:20
2 - 49% - 50% - 2:16
PK Defense
1 - 41% - 50% - 1:54
2 - 59% - 50% - 2:42
PK3 Forward
1 - 0% - 50%
2 - 0% - 50%
PK3 Defense
1 - 0% - 50%
2 - 0% - 50%
44 Forward
1 - 0% - 50%
2 - 0% - 50%
44 Defense
1 - 0% - 50%
2 - 0% - 50%
Last Minute Offensive  - 0:00
Last Minute Defensive  - 0:00
Total
Forward - 60:00
Defense - 60:00

% Time on Ice - Golden Seals

Lines # - Real PCT - Wanted PCT - Time Play
Normal Forward
1 - 35% - 38% - 17:21
2 - 28% - 32% - 13:38
3 - 18% - 20% - 9:05
4 - 19% - 10% - 9:23
Normal Defense
1 - 40% - 40% - 19:41
2 - 34% - 33% - 16:41
3 - 26% - 27% - 13:05
4 - 0% - 0% - 0:00
PP Forward
1 - 54% - 60% - 2:29
2 - 46% - 40% - 2:07
PP Defense
1 - 66% - 60% - 3:03
2 - 34% - 40% - 1:33
PK Forward
1 - 93% - 65% - 5:33
2 - 7% - 35% - 0:24
PK Defense
1 - 67% - 60% - 3:59
2 - 33% - 40% - 1:58
PK3 Forward
1 - 0% - 60%
2 - 0% - 40%
PK3 Defense
1 - 0% - 60%
2 - 0% - 40%
44 Forward
1 - 0% - 55%
2 - 0% - 45%
44 Defense
1 - 0% - 60%
2 - 0% - 40%
Last Minute Offensive  - 0:00
Last Minute Defensive  - 0:00
Total
Forward - 60:00
Defense - 60:00

Play-by-Play

1st period


0:01 of 1st period - Connor McDavid wins face-off versus Jonathan Toews in neutral zone.
0:04 of 1st period - Colton Parayko is hit by Connor McDavid and loses puck.
0:26 of 1st period - Kyle Okposo is hit by Nick Suzuki and loses puck.
1:31 of 1st period - Snap shot by Evgeni Dadonov.
1:31 of 1st period - Stopped by Andrei Vasilevskiy without a rebound.
1:32 of 1st period - Max Domi wins face-off versus Nico Hischier in Golden Seals zone.
2:09 of 1st period - Snap shot by Jaden Schwartz.
2:09 of 1st period - Stopped by Ryan Miller with a rebound.
2:11 of 1st period - Slapshot by Jake McCabe.
2:11 of 1st period - Shot Misses the Net.
2:53 of 1st period - Snap shot by Nick Cousins.
2:53 of 1st period - Goal by Nick Cousins - Oilers : 0 - Golden Seals : 1.
2:54 of 1st period - Jordan Eberle wins face-off versus Tomas Nosek in neutral zone.
3:03 of 1st period - Wrist shot by William Karlsson.
3:03 of 1st period - Stopped by Ryan Miller with a rebound.
3:07 of 1st period - Snap shot by Jordan Eberle.
3:07 of 1st period - Stopped by Ryan Miller without a rebound.
3:08 of 1st period - Jonathan Toews wins face-off versus Sam Gagner in Oilers zone.
3:43 of 1st period - Wrist shot by Jordan Eberle.
3:43 of 1st period - Shot Misses the Net.
3:45 of 1st period - Snap shot by Jordan Eberle.
3:45 of 1st period - Goal by Jordan Eberle - Oilers : 0 - Golden Seals : 2.
3:46 of 1st period - William Karlsson wins face-off versus Nico Hischier in neutral zone.
4:57 of 1st period - Snap shot by Evgeni Dadonov.
4:57 of 1st period - Shot Misses the Net.
4:59 of 1st period - Snap shot by Jordan Oesterle.
4:59 of 1st period - Deflect By Kyle Okposo.
4:59 of 1st period - Stopped by Andrei Vasilevskiy without a rebound.
5:00 of 1st period - Nico Hischier wins face-off versus William Karlsson in Golden Seals zone.
5:51 of 1st period - Tyler Motte is hit by Miles Wood and loses puck.
5:57 of 1st period - Off-side.
5:58 of 1st period - Bobby Ryan wins face-off versus William Karlsson in neutral zone.
6:00 of 1st period - Off-side.
6:01 of 1st period - William Karlsson wins face-off versus Nico Hischier in neutral zone.
6:28 of 1st period - Bobby Ryan is hit by Jake McCabe and loses puck.
6:29 of 1st period - Bobby Ryan from Oilers is injured at 6:29 of 1st period (Left Hip).
6:30 of 1st period - Connor McDavid wins face-off versus Jonathan Toews in Oilers zone.
6:35 of 1st period - Snap shot by Evgeni Dadonov.
6:35 of 1st period - Shot Blocked by Robert Hagg.
6:37 of 1st period - Snap shot by Kyle Okposo.
6:37 of 1st period - Stopped by Andrei Vasilevskiy without a rebound.
6:38 of 1st period - Connor McDavid wins face-off versus Jonathan Toews in Golden Seals zone.
6:41 of 1st period - Wrist shot by Connor McDavid.
6:41 of 1st period - Stopped by Andrei Vasilevskiy without a rebound.
6:42 of 1st period - Jonathan Toews wins face-off versus Sam Gagner in Golden Seals zone.
7:09 of 1st period - Brandon Montour is hit by Oskar Lindblom and loses puck.
7:14 of 1st period - Snap shot by Nick Suzuki.
7:14 of 1st period - Stopped by Ryan Miller without a rebound.
7:15 of 1st period - William Karlsson wins face-off versus Tomas Nosek in Oilers zone.
7:19 of 1st period - Wrist shot by William Karlsson.
7:19 of 1st period - Stopped by Ryan Miller without a rebound.
7:20 of 1st period - William Karlsson wins face-off versus Tomas Nosek in Oilers zone.
8:10 of 1st period - Wrist shot by Evgeni Dadonov.
8:10 of 1st period - Shot Misses the Net.
8:56 of 1st period - Snap shot by Tomas Nosek.
8:56 of 1st period - Shot Misses the Net.
9:10 of 1st period - Evgeni Dadonov is hit by Jonathan Toews and loses puck.
9:19 of 1st period - Slapshot by Jonathan Toews.
9:19 of 1st period - Stopped by Ryan Miller with a rebound.
9:21 of 1st period - Slapshot by Robert Hagg.
9:21 of 1st period - Stopped by Ryan Miller without a rebound.
9:22 of 1st period - Nico Hischier wins face-off versus Nick Suzuki in Oilers zone.
9:22 of 1st period - Nico Hischier is hit by Robby Fabbri.
9:38 of 1st period - Wrist shot by Robby Fabbri.
9:38 of 1st period - Stopped by Ryan Miller without a rebound.
9:39 of 1st period - Jonathan Toews wins face-off versus Sam Gagner in Oilers zone.
9:54 of 1st period - Wrist shot by Jaden Schwartz.
9:54 of 1st period - Deflect By Jonathan Toews.
9:54 of 1st period - Shot Misses the Net.
9:54 of 1st period - Puck is out of play.
9:55 of 1st period - William Karlsson wins face-off versus Connor McDavid in Oilers zone.
10:59 of 1st period - Minor Penalty to Nico Hischier for Hooking.
11:00 of 1st period - Jonathan Toews wins face-off versus Tomas Nosek in Oilers zone.
12:59 of 1st period - Penalty to Nico Hischier is over, Nico Hischier is back on ice.
13:16 of 1st period - Wrist shot by Tyler Motte.
13:16 of 1st period - Shot Misses the Net.
13:36 of 1st period - Snap shot by Evgeni Dadonov.
13:36 of 1st period - Deflect By Max Domi.
13:36 of 1st period - Stopped by Andrei Vasilevskiy without a rebound.
13:37 of 1st period - Connor McDavid wins face-off versus William Karlsson in Golden Seals zone.
13:40 of 1st period - Snap shot by Connor McDavid.
13:40 of 1st period - Stopped by Andrei Vasilevskiy with a rebound.
14:02 of 1st period - Snap shot by Tomas Nosek.
14:02 of 1st period - Stopped by Andrei Vasilevskiy with a rebound.
14:04 of 1st period - Slapshot by Kevin Shattenkirk.
14:04 of 1st period - Shot Blocked by Max Domi.
14:38 of 1st period - Adam Erne is hit by Nate Schmidt.
15:16 of 1st period - Snap shot by Sam Gagner.
15:16 of 1st period - Shot Misses the Net.
15:18 of 1st period - Wrist shot by Adam Erne.
15:18 of 1st period - Stopped by Andrei Vasilevskiy with a rebound.
15:20 of 1st period - Wrist shot by Adam Erne.
15:20 of 1st period - Stopped by Andrei Vasilevskiy without a rebound.
15:21 of 1st period - Sam Gagner wins face-off versus Barclay Goodrow in Golden Seals zone.
15:22 of 1st period - Wrist shot by Adam Erne.
15:22 of 1st period - Stopped by Andrei Vasilevskiy without a rebound.
15:23 of 1st period - Sam Gagner wins face-off versus Barclay Goodrow in Golden Seals zone.
15:46 of 1st period - Colton Parayko is hit by Vince Dunn and loses puck.
15:56 of 1st period - Off-side.
15:57 of 1st period - Connor McDavid wins face-off versus William Karlsson in neutral zone.
16:22 of 1st period - Nico Hischier is hit by Tyler Toffoli.
16:27 of 1st period - Minor Penalty to Tyler Toffoli for Roughing.
16:28 of 1st period - Connor McDavid wins face-off versus Barclay Goodrow in Golden Seals zone.
16:28 of 1st period - Slapshot by Evgeni Dadonov.
16:28 of 1st period - Stopped by Andrei Vasilevskiy without a rebound.
16:29 of 1st period - Connor McDavid wins face-off versus Barclay Goodrow in Golden Seals zone.
16:44 of 1st period - Snap shot by Evgeni Dadonov.
16:44 of 1st period - Stopped by Andrei Vasilevskiy with a rebound.
17:27 of 1st period - Snap shot by Nick Suzuki.
17:27 of 1st period - Shot Misses the Net.
18:27 of 1st period - Penalty to Tyler Toffoli is over, Tyler Toffoli is back on ice.
18:56 of 1st period - Colton Parayko is hit by Sam Gagner and loses puck.
19:30 of 1st period - Icing by Jaden Schwartz.
19:31 of 1st period - Jonathan Toews wins face-off versus Tomas Nosek in Golden Seals zone.
19:38 of 1st period - Wrist shot by Miles Wood.
19:38 of 1st period - Shot Blocked by Tomas Nosek.
Goals for this period are 0 for Oilers vs 2 for Golden Seals.
Shots for this period are 12 for Oilers vs 10 for Golden Seals.

2nd period


0:01 of 2nd period - Nico Hischier wins face-off versus Jonathan Toews in neutral zone.
0:30 of 2nd period - Snap shot by Max Domi.
0:30 of 2nd period - Stopped by Ryan Miller without a rebound.
0:31 of 2nd period - Connor McDavid wins face-off versus William Karlsson in Oilers zone.
0:31 of 2nd period - Connor McDavid is hit by Olli Maatta.
0:41 of 2nd period - Wrist shot by Connor McDavid.
0:41 of 2nd period - Shot Misses the Net.
0:43 of 2nd period - Wrist shot by Evgeni Dadonov.
0:43 of 2nd period - Stopped by Andrei Vasilevskiy without a rebound.
0:44 of 2nd period - Nico Hischier wins face-off versus Jonathan Toews in Golden Seals zone.
0:57 of 2nd period - Wrist shot by Sonny Milano.
0:57 of 2nd period - Goal by Sonny Milano - Oilers : 1 - Golden Seals : 2.
0:58 of 2nd period - Connor McDavid wins face-off versus Jonathan Toews in neutral zone.
1:03 of 2nd period - Slapshot by Evgeni Dadonov.
1:03 of 2nd period - Shot Blocked by Jaden Schwartz.
1:09 of 2nd period - Snap shot by Jaden Schwartz.
1:09 of 2nd period - Stopped by Ryan Miller with a rebound.
2:05 of 2nd period - Brandon Montour is hit by Miles Wood.
2:22 of 2nd period - Off-side.
2:23 of 2nd period - Jonathan Toews wins face-off versus Connor McDavid in neutral zone.
2:33 of 2nd period - Off-side.
2:34 of 2nd period - Nico Hischier wins face-off versus Jonathan Toews in neutral zone.
2:44 of 2nd period - Wrist shot by Nico Hischier.
2:44 of 2nd period - Deflect By Jaden Schwartz.
2:44 of 2nd period - Stopped by Andrei Vasilevskiy without a rebound.
2:45 of 2nd period - Nico Hischier wins face-off versus William Karlsson in Golden Seals zone.
2:50 of 2nd period - Wrist shot by Sonny Milano.
2:50 of 2nd period - Shot Misses the Net.
2:52 of 2nd period - Snap shot by Jordan Nolan.
2:52 of 2nd period - Shot Misses the Net.
2:54 of 2nd period - Wrist shot by Sonny Milano.
2:54 of 2nd period - Shot Blocked by Jordan Eberle.
2:56 of 2nd period - Slapshot by Brandon Montour.
2:56 of 2nd period - Stopped by Andrei Vasilevskiy without a rebound.
2:57 of 2nd period - Jonathan Toews wins face-off versus Connor McDavid in Golden Seals zone.
3:30 of 2nd period - Minor Penalty to Jordan Nolan for Slashing.
3:31 of 2nd period - Jonathan Toews wins face-off versus Sam Gagner in Oilers zone.
4:04 of 2nd period - Snap shot by Jordan Eberle.
4:04 of 2nd period - Shot Blocked by Tomas Nosek.
5:30 of 2nd period - Penalty to Jordan Nolan is over, Jordan Nolan is back on ice.
6:27 of 2nd period - Barclay Goodrow is hit by Nathan Gerbe and loses puck.
9:21 of 2nd period - Nate Schmidt is hit by Adam Erne and loses puck.
9:32 of 2nd period - Dennis Gilbert is hit by Jaden Schwartz.
10:10 of 2nd period - Sonny Milano is hit by Nick Cousins and loses puck.
10:25 of 2nd period - Adam Erne is hit by Jaden Schwartz and loses puck.
11:14 of 2nd period - Tyler Motte is hit by Miles Wood.
11:18 of 2nd period - Nick Cousins is hit by Tyler Motte and loses puck.
12:55 of 2nd period - Snap shot by Miles Wood.
12:55 of 2nd period - Shot Misses the Net.
12:57 of 2nd period - Slapshot by Jake McCabe.
12:57 of 2nd period - Shot Blocked by Jordan Oesterle.
13:57 of 2nd period - Nathan Gerbe is hit by Nick Suzuki and loses puck.
14:47 of 2nd period - Slapshot by Barclay Goodrow.
14:47 of 2nd period - Stopped by Ryan Miller with a rebound.
15:15 of 2nd period - Slapshot by Colton Parayko.
15:15 of 2nd period - Deflect By Christian Djoos.
15:15 of 2nd period - Stopped by Ryan Miller with a rebound.
15:17 of 2nd period - Slapshot by Max Domi.
15:17 of 2nd period - Shot Misses the Net.
15:19 of 2nd period - Slapshot by Robert Hagg.
15:19 of 2nd period - Deflect By Jordan Eberle.
15:19 of 2nd period - Shot Misses the Net.
15:19 of 2nd period - Puck is out of play.
15:20 of 2nd period - Jonathan Toews wins face-off versus Nico Hischier in Oilers zone.
15:33 of 2nd period - Snap shot by Jonathan Toews.
15:33 of 2nd period - Stopped by Ryan Miller without a rebound.
15:34 of 2nd period - Jonathan Toews wins face-off versus Sam Gagner in Oilers zone.
16:39 of 2nd period - Connor McDavid is hit by Nick Cousins and loses puck.
17:51 of 2nd period - Jaden Schwartz is hit by Nico Hischier and loses puck.
18:25 of 2nd period - Robert Hagg is hit by Dennis Gilbert and loses puck.
18:48 of 2nd period - Nico Hischier is hit by Tyler Toffoli and loses puck.
19:08 of 2nd period - Minor Penalty to Max Domi for Roughing.
19:09 of 2nd period - Connor McDavid wins face-off versus Barclay Goodrow in Golden Seals zone.
19:09 of 2nd period - Snap shot by Evgeni Dadonov.
19:09 of 2nd period - Stopped by Andrei Vasilevskiy without a rebound.
19:10 of 2nd period - Barclay Goodrow wins face-off versus Connor McDavid in Golden Seals zone.
19:43 of 2nd period - Snap shot by Nico Hischier.
19:43 of 2nd period - Shot Misses the Net.
19:45 of 2nd period - Wrist shot by Jordan Nolan.
19:45 of 2nd period - Stopped by Andrei Vasilevskiy with a rebound.
Goals for this period are 1 for Oilers vs 0 for Golden Seals.
Shots for this period are 6 for Oilers vs 5 for Golden Seals.

3rd period


0:01 of 3rd period - Barclay Goodrow wins face-off versus Connor McDavid in neutral zone.
0:14 of 3rd period - Wrist shot by Evgeni Dadonov.
0:14 of 3rd period - Shot Blocked by Jake McCabe.
0:16 of 3rd period - Snap shot by Kyle Okposo.
0:16 of 3rd period - Stopped by Andrei Vasilevskiy without a rebound.
0:17 of 3rd period - Barclay Goodrow wins face-off versus Nico Hischier in Golden Seals zone.
0:51 of 3rd period - Jake McCabe is hit by Brandon Montour and loses puck.
1:08 of 3rd period - Penalty to Max Domi is over, Max Domi is back on ice.
1:20 of 3rd period - Wrist shot by Jonathan Toews.
1:20 of 3rd period - Stopped by Ryan Miller without a rebound.
1:21 of 3rd period - Jonathan Toews wins face-off versus Sam Gagner in Oilers zone.
1:26 of 3rd period - Snap shot by Jaden Schwartz.
1:26 of 3rd period - Deflect By Jonathan Toews.
1:26 of 3rd period - Stopped by Ryan Miller without a rebound.
1:27 of 3rd period - Connor McDavid wins face-off versus Jonathan Toews in Oilers zone.
2:31 of 3rd period - Adam Erne is hit by Miles Wood and loses puck.
2:40 of 3rd period - Slapshot by Sam Gagner.
2:40 of 3rd period - Stopped by Andrei Vasilevskiy without a rebound.
2:41 of 3rd period - Connor McDavid wins face-off versus Jonathan Toews in Golden Seals zone.
2:54 of 3rd period - Snap shot by Connor McDavid.
2:54 of 3rd period - Stopped by Andrei Vasilevskiy with a rebound.
2:56 of 3rd period - Snap shot by Christian Djoos.
2:56 of 3rd period - Shot Blocked by Cody Ceci.
3:17 of 3rd period - Wrist shot by William Karlsson.
3:17 of 3rd period - Stopped by Ryan Miller without a rebound.
3:18 of 3rd period - Nick Suzuki wins face-off versus Connor McDavid in Oilers zone.
3:19 of 3rd period - Snap shot by Robby Fabbri.
3:19 of 3rd period - Shot Misses the Net.
3:21 of 3rd period - Slapshot by Colton Parayko.
3:21 of 3rd period - Stopped by Ryan Miller with a rebound.
3:23 of 3rd period - Slapshot by Colton Parayko.
3:23 of 3rd period - Shot Blocked by Kyle Okposo.
3:25 of 3rd period - Snap shot by Robby Fabbri.
3:25 of 3rd period - Shot Misses the Net.
3:27 of 3rd period - Slapshot by Colton Parayko.
3:27 of 3rd period - Shot Misses the Net.
3:29 of 3rd period - Slapshot by Jake McCabe.
3:29 of 3rd period - Shot Misses the Net.
3:31 of 3rd period - Slapshot by Jake McCabe.
3:31 of 3rd period - Stopped by Ryan Miller with a rebound.
3:33 of 3rd period - Wrist shot by Oskar Lindblom.
3:33 of 3rd period - Deflect By Nick Suzuki.
3:33 of 3rd period - Goal by Nick Suzuki - Oilers : 1 - Golden Seals : 3.
3:34 of 3rd period - Jonathan Toews wins face-off versus Connor McDavid in neutral zone.
4:31 of 3rd period - Off-side.
4:32 of 3rd period - Kyle Okposo wins face-off versus Jonathan Toews in neutral zone.
4:47 of 3rd period - Backhand shot by Jaden Schwartz.
4:47 of 3rd period - Stopped by Ryan Miller with a rebound.
5:09 of 3rd period - Wrist shot by Max Domi.
5:09 of 3rd period - Shot Blocked by Brandon Montour.
5:17 of 3rd period - Minor Penalty to Adam Erne for Boarding.
5:18 of 3rd period - Jonathan Toews wins face-off versus Sam Gagner in Oilers zone.
5:33 of 3rd period - Snap shot by Jaden Schwartz.
5:33 of 3rd period - Shot Misses the Net.
5:35 of 3rd period - Slapshot by Oskar Lindblom.
5:35 of 3rd period - Deflect By Sam Gagner.
5:35 of 3rd period - Stopped by Ryan Miller with a rebound.
5:55 of 3rd period - Slapshot by William Karlsson.
5:55 of 3rd period - Goal by William Karlsson - Oilers : 1 - Golden Seals : 4.
5:56 of 3rd period - Connor McDavid wins face-off versus Jonathan Toews in neutral zone.
6:02 of 3rd period - Off-side.
6:03 of 3rd period - Jonathan Toews wins face-off versus Connor McDavid in neutral zone.
6:10 of 3rd period - Wrist shot by Jonathan Toews.
6:10 of 3rd period - Shot Misses the Net.
6:40 of 3rd period - Snap shot by Adam Erne.
6:40 of 3rd period - Stopped by Andrei Vasilevskiy with a rebound.
6:46 of 3rd period - Minor Penalty to Jonathan Toews for Tripping.
6:47 of 3rd period - Barclay Goodrow wins face-off versus Sonny Milano in Golden Seals zone.
6:47 of 3rd period - Barclay Goodrow is hit by Jordan Nolan.
6:53 of 3rd period - Wrist shot by Nico Hischier.
6:53 of 3rd period - Stopped by Andrei Vasilevskiy with a rebound.
7:01 of 3rd period - Slapshot by Sonny Milano.
7:01 of 3rd period - Stopped by Andrei Vasilevskiy with a rebound.
7:03 of 3rd period - Wrist shot by Brandon Montour.
7:03 of 3rd period - Shot Misses the Net.
8:08 of 3rd period - Max Domi is hit by Jordan Nolan and loses puck.
8:46 of 3rd period - Penalty to Jonathan Toews is over, Jonathan Toews is back on ice.
9:01 of 3rd period - Jordan Nolan is hit by Jaden Schwartz.
9:07 of 3rd period - Snap shot by Jaden Schwartz.
9:07 of 3rd period - Shot Misses the Net.
11:01 of 3rd period - Nico Hischier is hit by Nate Schmidt and loses puck.
11:16 of 3rd period - Olli Maatta is hit by Nathan Gerbe and loses puck.
11:37 of 3rd period - Snap shot by Robby Fabbri.
11:37 of 3rd period - Stopped by Ryan Miller with a rebound.
12:05 of 3rd period - Christian Djoos is hit by Miles Wood and loses puck.
12:26 of 3rd period - Brandon Montour is hit by Jonathan Toews.
12:30 of 3rd period - Wrist shot by Jaden Schwartz.
12:30 of 3rd period - Shot Blocked by Kevin Shattenkirk.
12:32 of 3rd period - Slapshot by Cody Ceci.
12:32 of 3rd period - Shot Misses the Net.
12:34 of 3rd period - Wrist shot by Jaden Schwartz.
12:34 of 3rd period - Goal by Jaden Schwartz - Oilers : 1 - Golden Seals : 5.
12:35 of 3rd period - Connor McDavid wins face-off versus Jonathan Toews in neutral zone.
12:40 of 3rd period - Slapshot by Evgeni Dadonov.
12:40 of 3rd period - Stopped by Andrei Vasilevskiy without a rebound.
12:41 of 3rd period - Jonathan Toews wins face-off versus Connor McDavid in Golden Seals zone.
12:41 of 3rd period - Jonathan Toews is hit by Evgeni Dadonov.
13:29 of 3rd period - Wrist shot by Connor McDavid.
13:29 of 3rd period - Stopped by Andrei Vasilevskiy with a rebound.
13:31 of 3rd period - Snap shot by Connor McDavid.
13:31 of 3rd period - Goal by Connor McDavid - Oilers : 2 - Golden Seals : 5.
13:32 of 3rd period - William Karlsson wins face-off versus Jordan Nolan in neutral zone.
13:57 of 3rd period - William Karlsson is hit by Brandon Montour.
15:09 of 3rd period - Slapshot by Nick Suzuki.
15:09 of 3rd period - Stopped by Ryan Miller with a rebound.
15:21 of 3rd period - Wrist shot by Nathan Gerbe.
15:21 of 3rd period - Shot Misses the Net.
15:23 of 3rd period - Snap shot by Jordan Nolan.
15:23 of 3rd period - Stopped by Andrei Vasilevskiy without a rebound.
15:24 of 3rd period - Tomas Nosek wins face-off versus Jonathan Toews in Golden Seals zone.
15:29 of 3rd period - Slapshot by Jordan Nolan.
15:29 of 3rd period - Stopped by Andrei Vasilevskiy with a rebound.
15:31 of 3rd period - Snap shot by Brandon Montour.
15:31 of 3rd period - Stopped by Andrei Vasilevskiy without a rebound.
15:32 of 3rd period - Connor McDavid wins face-off versus Jonathan Toews in Golden Seals zone.
15:33 of 3rd period - Wrist shot by Evgeni Dadonov.
15:33 of 3rd period - Stopped by Andrei Vasilevskiy with a rebound.
15:58 of 3rd period - Snap shot by Nico Hischier.
15:58 of 3rd period - Shot Misses the Net.
16:02 of 3rd period - Slapshot by Jordan Nolan.
16:02 of 3rd period - Stopped by Andrei Vasilevskiy with a rebound.
16:04 of 3rd period - Snap shot by Jordan Nolan.
16:04 of 3rd period - Deflect By Sonny Milano.
16:04 of 3rd period - Shot Misses the Net.
16:04 of 3rd period - Puck is out of play.
16:05 of 3rd period - William Karlsson wins face-off versus Nico Hischier in Golden Seals zone.
17:18 of 3rd period - Wrist shot by Nick Cousins.
17:18 of 3rd period - Stopped by Ryan Miller without a rebound.
17:19 of 3rd period - Connor McDavid wins face-off versus Barclay Goodrow in Oilers zone.
17:26 of 3rd period - Wrist shot by Kyle Okposo.
17:26 of 3rd period - Shot Misses the Net.
17:48 of 3rd period - Slapshot by Miles Wood.
17:48 of 3rd period - Shot Misses the Net.
17:50 of 3rd period - Backhand shot by Nick Cousins.
17:50 of 3rd period - Stopped by Ryan Miller without a rebound.
17:51 of 3rd period - William Karlsson wins face-off versus Nico Hischier in Oilers zone.
17:54 of 3rd period - Snap shot by Max Domi.
17:54 of 3rd period - Stopped by Ryan Miller with a rebound.
18:48 of 3rd period - Snap shot by Connor McDavid.
18:48 of 3rd period - Shot Misses the Net.
18:50 of 3rd period - Snap shot by Connor McDavid.
18:50 of 3rd period - Shot Misses the Net.
18:52 of 3rd period - Snap shot by Kyle Okposo.
18:52 of 3rd period - Shot Blocked by Tyler Toffoli.
19:27 of 3rd period - Wrist shot by Nico Hischier.
19:27 of 3rd period - Stopped by Andrei Vasilevskiy with a rebound.
19:33 of 3rd period - Wrist shot by Sonny Milano.
19:33 of 3rd period - Shot Misses the Net.
Goals for this period are 1 for Oilers vs 3 for Golden Seals.
Shots for this period are 15 for Oilers vs 15 for Golden Seals.